Map: [ESL] Gresvan

Players

Elazer

  • Race: Zerg Zerg
  • Spawn Location: 5:00

Clem - Winner!

  • Race: Terran Terran
  • Spawn Location: 11:00

Event: ESL SC2 Masters 2023 Summer (Regionals)

VOD

Have the link to the VOD?

Description

Time

  • Played on: May 19, 2023, 1:13 p.m.
  • Length: 14:39

All games in this series

Show
View Real Time Build Order
Export as new Build Order

Elazer Zerg 

Build Orders: Hatch First 

Get SALT Encoding   

  12  0:00  Drone  
  13  0:12  Overlord  
  13  0:16  Drone  
  14  0:30  Drone x2  
  16  0:47  Hatchery  
  15  0:50  Drone  
  15  0:54  Drone  
  17  0:57  Drone  
  18  1:07  Extractor  
  17  1:12  Spawning Pool  
  17  1:15  Drone  
  17  1:18  Drone  
  18  1:27  Drone  
  19  1:38  Drone  
  20  1:49  Drone  
  21  1:59  Queen x2  
  21  2:00  Zergling x4  
  27  2:10  Drone  
  27  2:11  Overlord  
  27  2:12  Metabolic Boost  
  28  2:29  Spore Crawler  
  27  2:32  Hatchery  
  27  2:34  Drone  
  27  2:38  Drone  
  27  2:42  Queen  
  31  2:47  Overlord  
  31  2:52  Drone x2  
  31  2:53  Drone  
  31  2:56  Drone  
  35  2:59  Drone  
  36  3:09  Drone x4  
  36  3:12  Overlord  
  40  3:18  Queen  
  42  3:23  Queen  
  44  3:31  Drone x2, Zergling x2  
  47  3:34  Overlord  
  49  3:41  Drone x2  
  49  3:45  Drone x4  
  49  3:47  Queen  
  55  3:55  Drone x5  
  60  3:59  Queen  
  61  4:05  Overlord  
  61  4:09  Drone x3  
  63  4:16  Zergling x4  
  65  4:21  Overlord  
  65  4:24  Queen  
  65  4:29  Zergling x8  
  65  4:30  Zergling x4  
  73  4:32  Lair  
  73  4:38  Queen  
  73  4:41  Drone x5  
  80  4:47  Extractor, Drone x2  
  80  4:48  Baneling Nest  
  80  4:53  Overlord  
  80  4:56  Drone x2  
  80  4:58  Spore Crawler  
  81  5:05  Spore Crawler  
  81  5:06  Drone, Spore Crawler  
  81  5:07  Drone x2  
  82  5:09  Overlord  
  82  5:13  Drone x6  
  88  5:15  Drone  
  88  5:19  Hatchery  
  88  5:22  Overlord  
  88  5:24  Extractor  
  88  5:26  Extractor  
  85  5:29  Drone x3, Overseer  
  85  5:31  Overlord  
  85  5:35  Extractor  
  87  5:36  Centrifugal Hooks  
  87  5:37  Drone x6  
  93  5:45  Overseer  
  93  5:50  Overlord x2  
  93  5:53  Evolution Chamber  
  93  5:54  Evolution Chamber  
  91  5:58  Drone x5  
  95  6:05  Overlord  
  95  6:07  Drone x3  
  95  6:11  Zergling x10  
  100  6:16  Overlord  
  97  6:23  Overlord, Drone  
  97  6:24  Drone x4  
  102  6:27  Zerg Ground Armor Level 1, Zerg Melee Weapons Level 1  
  102  6:34  Hatchery  
  102  6:35  Zergling x12  
  107  6:40  Drone x5  
  112  6:47  Drone x5  
  117  6:54  Spore Crawler  
  117  6:55  Zergling x6  
  117  6:56  Baneling x12  
  119  7:02  Zergling x4  
  117  7:09  Zergling x12  
  117  7:12  Zergling x2  
  120  7:16  Hatchery  
  120  7:17  Baneling x9  
  120  7:19  Zergling x2  
  120  7:20  Zergling x14  
  126  7:25  Zergling x6  
  129  7:30  Overlord  
  129  7:31  Drone x3  
  129  7:35  Hydralisk Den  
  129  7:36  Extractor  
  130  7:38  Zergling x10  
  127  7:47  Drone x8  
  135  7:53  Baneling x12  
  135  7:55  Zergling x16  
  143  7:59  Baneling x7  
  143  8:02  Overseer  
  143  8:04  Baneling x10, Zergling x2  
  143  8:05  Zergling x6  
  136  8:17  Zergling x18  
  129  8:21  Zergling x14  
  129  8:23  Queen  
  137  8:29  Zergling x20  
  137  8:34  Zerg Missile Weapons Level 1, Zerg Ground Armor Level 2  
  147  8:35  Muscular Augments  
  147  8:38  Overlord  
  144  8:43  Zergling x24  
  154  8:53  Zergling x20  
  154  8:55  Pneumatized Carapace  
  150  8:59  Burrow, Overlord  
  150  9:01  Zergling x16  
  158  9:10  Overlord x3  
  158  9:11  Hydralisk x4  
  165  9:23  Hydralisk x7  
  171  9:30  Baneling x7  
  172  9:32  Zergling x2  
  172  9:33  Zergling x16  
  172  9:36  Zergling x10  
  186  9:43  Zergling x10  
  187  9:46  Grooved Spines  
  187  9:47  Overlord x2  
  171  10:00  Drone x11  
  171  10:06  Hydralisk x3  
  188  10:11  Spore Crawler  
  188  10:14  Overseer  
  187  10:15  Baneling x17  
  188  10:21  Zergling x20  
  197  10:30  Baneling x8  
  197  10:31  Baneling  
  197  10:34  Zergling x6  
  199  10:48  Zergling x28  
  199  10:49  Zergling x22  
  189  10:52  Baneling  
  189  10:53  Baneling x6  
  189  10:56  Zergling x10  
  182  11:03  Zerg Missile Weapons Level 2, Zerg Melee Weapons Level 2  
  178  11:14  Hydralisk x3  
  165  11:19  Zergling x24  
  171  11:26  Zergling x2  
  171  11:27  Zergling x10  
  175  11:35  Overlord  
  161  11:41  Baneling x10  
  161  11:42  Hydralisk x2, Baneling x3  
  161  11:45  Hatchery  
  164  11:48  Zergling x30  
  164  11:52  Overseer x2  
  179  11:56  Zergling x2  
  179  11:57  Zergling x6  
  182  12:02  Overlord x2  
  182  12:03  Baneling x10  
  182  12:07  Zergling x10  
  187  12:09  Overlord  
  166  12:37  Zergling x52  
  166  12:41  Baneling x13  
  190  12:44  Hydralisk x2  
  182  12:55  Hydralisk x6  
  179  12:58  Hydralisk x2  
  179  13:00  Hydralisk, Zergling x2  
  179  13:01  Zergling x4  
  186  13:08  Overseer  
  174  13:16  Zergling x30  
  174  13:17  Zergling x2  
  157  13:21  Zergling x4  
  138  13:30  Hydralisk x7  
  149  13:34  Zergling x10  
  149  13:40  Infestation Pit  
  150  13:41  Drone x6  
  150  13:46  Baneling x9  
  152  13:51  Baneling x3  
  152  13:56  Baneling x3  
  152  13:57  Baneling  
  152  13:58  Drone x7  
  152  14:01  Zergling x8  
  160  14:16  Zergling x32  
  167  14:19  Overlord  
Show
View Real Time Build Order
Export as new Build Order

Clem Terran - Winner!

Build Orders: Reaper Expand, Hellion Banshee 

Get SALT Encoding   

  12  0:00  SCV  
  13  0:12  SCV  
  14  0:17  Supply Depot  
  14  0:24  SCV  
  15  0:38  SCV  
  15  0:41  Barracks  
  16  0:43  Refinery  
  16  0:50  SCV  
  17  1:02  SCV  
  18  1:14  SCV  
  19  1:27  Orbital Command, Reaper  
  20  1:39  Command Center  
  20  1:46  Supply Depot  
  20  1:53  SCV  
  21  1:59  Marine  
  22  2:05  SCV  
  23  2:10  Factory  
  23  2:17  SCV  
  23  2:21  Barracks Reactor  
  24  2:29  SCV  
  25  2:38  Command Center  
  25  2:41  SCV  
  26  2:52  Orbital Command  
  26  2:53  SCV  
  27  3:02  Starport  
  27  3:06  SCV  
  27  3:07  Refinery  
  27  3:11  Hellion  
  30  3:14  Hellion  
  30  3:18  SCV  
  30  3:19  SCV  
  34  3:21  Barracks Tech Lab  
  34  3:30  SCV  
  34  3:31  SCV  
  34  3:32  Hellion  
  38  3:36  Hellion  
  40  3:42  SCV  
  40  3:43  SCV  
  40  3:45  Banshee  
  45  3:51  Orbital Command  
  45  3:54  SCV  
  46  3:56  SCV  
  46  3:57  Cloaking Field  
  46  3:59  Hellion  
  46  4:02  Hellion  
  51  4:06  SCV  
  51  4:08  SCV  
  53  4:10  Barracks Tech Lab  
  53  4:11  Supply Depot  
  53  4:17  SCV  
  53  4:18  SCV  
  53  4:20  Barracks  
  53  4:22  SCV  
  56  4:27  Barracks  
  57  4:31  Banshee  
  57  4:32  Factory Reactor  
  57  4:34  SCV  
  57  4:36  Orbital Command, SCV  
  57  4:37  Marine  
  62  4:39  Supply Depot  
  62  4:46  Stimpack, SCV, Refinery  
  62  4:47  Refinery  
  62  4:48  SCV  
  64  4:55  Marine  
  64  4:58  SCV  
  66  5:00  Engineering Bay x2, SCV  
  66  5:04  SCV, Supply Depot  
  68  5:10  SCV  
  68  5:12  Marine  
  68  5:13  SCV  
  71  5:16  SCV, Factory Reactor  
  71  5:17  Marine x2  
  74  5:22  SCV  
  74  5:25  SCV  
  74  5:26  Supply Depot  
  74  5:27  Marine x2  
  74  5:28  Starport Reactor  
  78  5:29  Terran Infantry Weapons Level 1, SCV, Terran Infantry Armor Level 1  
  78  5:31  Supply Depot  
  78  5:34  Marine  
  78  5:35  SCV  
  81  5:36  Marine x2  
  81  5:37  SCV  
  81  5:41  SCV  
  85  5:44  Supply Depot  
  85  5:46  Supply Depot  
  85  5:52  Marine x3, SCV x2  
  85  5:54  SCV  
  85  5:56  Barracks  
  91  5:57  Barracks  
  91  5:58  Widow Mine  
  93  6:05  Marine x2, SCV  
  93  6:06  Widow Mine  
  93  6:07  SCV  
  93  6:08  Supply Depot  
  93  6:09  Medivac x2  
  93  6:11  Marine, Supply Depot, SCV  
  104  6:12  Marine  
  104  6:13  Marine  
  104  6:18  SCV  
  108  6:20  SCV  
  108  6:25  Factory  
  109  6:28  Combat Shield  
  109  6:29  Marine x2  
  109  6:30  Widow Mine, SCV  
  109  6:31  Supply Depot  
  114  6:34  Refinery  
  114  6:36  Marine  
  114  6:37  Marine, Armory  
  114  6:39  Medivac  
  118  6:42  Widow Mine  
  118  6:45  Barracks Reactor x2  
  118  6:46  Marine  
  121  6:47  Marine  
  121  6:51  Command Center  
  122  6:55  Marine  
  122  6:58  Supply Depot  
  122  6:59  Widow Mine, Medivac  
  122  7:01  Marine  
  127  7:02  SCV x3  
  127  7:07  Widow Mine  
  131  7:08  Marine  
  131  7:14  SCV  
  133  7:19  Marine x2  
  133  7:20  Widow Mine x2, SCV  
  133  7:21  Marine  
  141  7:22  Supply Depot  
  141  7:33  Refinery  
  141  7:34  Supply Depot x2  
  141  7:43  Supply Depot  
  135  7:45  Supply Depot  
  135  7:46  Refinery  
  135  7:55  Marine x5  
  135  7:56  Widow Mine x3, SCV x3  
  149  8:03  Marine x3, Medivac  
  149  8:04  Supply Depot  
  154  8:05  Supply Depot  
  154  8:08  SCV x3  
  154  8:10  Marine  
  145  8:14  Terran Infantry Weapons Level 2, Terran Infantry Armor Level 2  
  145  8:19  Marine x2  
  132  8:20  SCV x3  
  132  8:23  Marine x2  
  132  8:24  Widow Mine x2, Marine  
  140  8:30  Widow Mine  
  140  8:32  SCV x3  
  145  8:34  Planetary Fortress  
  145  8:35  Barracks x2  
  138  8:42  Marine  
  138  8:43  Marine x6  
  138  8:44  Marine  
  138  8:46  Widow Mine, Medivac  
  138  8:47  Marine  
  148  8:49  Widow Mine  
  148  8:53  Widow Mine, SCV  
  140  8:55  Sensor Tower  
  140  9:00  Barracks, Marine  
  141  9:04  Marine x5  
  141  9:06  SCV x2  
  141  9:07  Widow Mine  
  150  9:10  Widow Mine, Sensor Tower  
  150  9:11  Marine  
  150  9:13  SCV x2  
  150  9:14  Widow Mine  
  157  9:17  Marine x2  
  157  9:18  SCV, Medivac x2  
  157  9:20  Marine  
  157  9:22  SCV  
  166  9:25  Refinery  
  166  9:26  Terran Vehicle And Ship Armor Level 1  
  166  9:28  Widow Mine  
  162  9:32  Widow Mine  
  162  9:35  Command Center  
  162  9:36  Widow Mine  
  162  9:37  Marine x2  
  162  9:38  Marine  
  169  9:43  Marauder  
  167  9:50  Widow Mine  
  169  9:53  Widow Mine  
  169  9:56  Marine  
  169  9:59  Medivac x2  
  174  10:00  Widow Mine, Marine x5  
  174  10:02  Marine, Command Center, Barracks Tech Lab x2  
  174  10:06  Refinery  
  176  10:07  Marine  
  176  10:08  Marine x2  
  176  10:11  Widow Mine  
  176  10:13  Drilling Claws  
  176  10:14  Marine  
  181  10:15  Widow Mine  
  181  10:18  Marine x5, SCV x2  
  181  10:19  Marine  
  192  10:22  Widow Mine  
  192  10:24  Marine x2  
  192  10:25  Marine  
  198  10:29  Medivac  
  198  10:34  Ghost Academy  
  200  10:38  Barracks Tech Lab  
  200  10:39  Concussive Shells  
  199  10:46  Widow Mine  
  199  10:49  Marauder x2  
  183  10:51  Marine x2  
  183  10:53  Marine  
  183  10:54  Widow Mine  
  183  10:55  Medivac  
  175  11:00  Marine  
  176  11:04  Ghost  
  176  11:05  Ghost  
  176  11:06  Marine x2  
  176  11:08  Terran Infantry Weapons Level 3, Terran Infantry Armor Level 3  
  176  11:10  Widow Mine x2  
  184  11:12  Marine x3  
  184  11:13  Marauder  
  184  11:15  Marauder  
  184  11:16  Widow Mine  
  181  11:19  Marine  
  181  11:21  Marine  
  181  11:23  Marine  
  181  11:24  Marine  
  181  11:25  Marine  
  183  11:29  Marine  
  183  11:31  Widow Mine x2, Marine  
  186  11:34  Marauder x2  
  186  11:35  Marine  
  186  11:37  Medivac x2  
  186  11:38  Widow Mine  
  186  11:39  Marauder  
  189  11:41  Missile Turret  
  189  11:43  Sensor Tower  
  189  11:44  Supply Depot  
  189  11:48  Marauder  
  189  11:50  Command Center  
  189  11:51  Orbital Command  
  189  11:52  Command Center  
  191  11:55  Marauder  
  191  11:58  Planetary Fortress  
  193  12:02  Terran Vehicle And Ship Armor Level 2  
  193  12:05  Widow Mine x2  
  194  12:10  Ghost  
  196  12:21  Ghost  
  196  12:25  Ghost  
  196  12:27  Marine  
  189  12:30  Medivac  
  189  12:31  Widow Mine, Marine x2  
  189  12:32  SCV  
  189  12:34  SCV  
  189  12:36  Widow Mine  
  189  12:37  Marauder  
  197  12:39  Marauder  
  197  12:42  Widow Mine  
  194  12:54  Widow Mine, Marine, Ghost  
  194  12:55  Marine  
  189  12:59  Command Center  
  189  13:00  Orbital Command, Refinery x2, Ghost  
  189  13:01  SCV  
  189  13:03  Marine x2  
  189  13:05  Refinery, Supply Depot  
  194  13:07  Ghost  
  192  13:13  Widow Mine  
  192  13:14  Ghost  
  192  13:16  SCV  
  192  13:17  SCV  
  164  13:21  Marine x6  
  164  13:23  SCV  
  168  13:28  SCV, Medivac x2  
  168  13:29  Marine x2  
  168  13:33  Orbital Command, Sensor Tower  
  174  13:37  Widow Mine  
  174  13:38  Widow Mine x2, SCV x2  
  174  13:40  Marine x4  
  174  13:41  Marine  
  188  13:44  Marauder  
  188  13:45  Marauder x2  
  188  13:48  Marine  
  193  13:49  Marine  
  193  13:54  Starport, SCV  
  195  13:57  Refinery  
  195  14:00  Widow Mine  
  195  14:01  Marauder, Marine  
  200  14:16  Widow Mine  
  196  14:17  Marauder  
Tags
 
Add a new tag
Caveats
  • Supply blocks, unpowered buildings, or Contaminate may cause inaccurate times.
  • Supply counts are checked every 10 seconds.